 Dungeon Crawl Stone Soup version 0.24-a0-57-gac335f2 (webtiles) character file.

Game seed: 3553413641296507769

135 Inarius the Chopper (level 4, -4/37 HPs)
             Began as a Mummy Monk on Feb 4, 2019.
             Slain by a gnoll
             ... wielding a +0 flail
              (8 damage)
             ... on level 2 of the Dungeon.
             The game lasted 00:03:58 (2465 turns).

Inarius the Chopper (Mummy Monk)                    Turns: 2465, Time: 00:04:00

Health: -4/37      AC:  7    Str: 15    XL:     4   Next: 96%
Magic:  4/4        EV:  7    Int:  9    God:
Gold:   75         SH:  7    Dex: 14    Spells: 3/3 levels left

rFire    x . .     SeeInvis .   m - +1 war axe
rCold    + + .     Gourm    .   l - +0 shield
rNeg     + + +     Faith    .   n - +0 scale mail
rPois    ∞         Spirit   .   (no helmet)
rElec    .         Reflect  .   (no cloak)
rCorr    .         Harm     .   (no gloves)
MR       .....                  d - +0 pair of boots
Stlth    ..........             (no amulet)
HPRegen  0.12/turn              a - ring of protection from cold
MPRegen  0.09/turn              (no ring)

@: no status effects
A: no food or potions, fire vulnerability, cold resistance 1, negative energy
resistance 3, torment resistance, unbreathing
a: no special abilities


You were on level 2 of the Dungeon.
You were not hungry.

You visited 1 branch of the dungeon, and saw 3 of its levels.

You collected 75 gold pieces.

Inventory:

Hand Weapons
 m - a +1 war axe (weapon)
Armour
 d - a +0 pair of boots (worn)
 l - a +0 shield (worn)
 n - a +0 scale mail (worn)
Jewellery
 a - a ring of protection from cold (left hand)
 h - an uncursed ring of ice
Scrolls
 b - a scroll of enchant weapon
 c - 2 scrolls of immolation
 f - a scroll of amnesia {unknown}
 g - 3 scrolls of remove curse
 i - 3 scrolls of identify {unknown}
 j - 2 scrolls of blinking {unknown}


   Skills:
 * Level 3.9 Fighting
 * Level 3.9 Axes
 * Level 1.1 Armour
 - Level 2.4 Dodging
 - Level 1.5 Stealth
 + Level 0.2 Shields


You had 3 spell levels left.
You didn't know any spells.
Your spell library was empty.

Dungeon Overview and Level Annotations

Branches:
Dungeon (3/15)

Altars:
Trog

Annotations:
D:2 Terence


Innate Abilities, Weirdness & Mutations

You do not eat or drink.
Your flesh is vulnerable to fire.
You are immune to poison.
Your flesh is cold resistant. (rC+)
You are immune to negative energy. (rN+++)
You are immune to unholy pain and torment.
You can survive without breathing.


Message History

You are too injured to fight recklessly!
You are too injured to fight recklessly!
You are too injured to fight recklessly!
You are too injured to fight recklessly!
You are too injured to fight recklessly!
You are too injured to fight recklessly!
You are too injured to fight recklessly!
You hit the gnoll but do no damage.
The gnoll is severely wounded.
You block the gnoll's attack.
The gnoll hits you from afar with a +0 spear.
* * * LOW HITPOINT WARNING * * *
You hit the gnoll but do no damage.
The gnoll is severely wounded.
The gnoll hits you with a +0 flail.
* * * LOW HITPOINT WARNING * * *
The gnoll hits you from afar with a +0 spear.
* * * LOW HITPOINT WARNING * * *
The gnoll hits you with a +0 flail!
You die...

#.#
#..#.#####.###.#####
#.#
#..#................
#.#
#..###....).....####
#.# #..###...........#
# #.#
#.)............#+###
#.#
#.###.########....##
#.# #.###g# #....##
#.# #...#.# #....##
#.#######@#.###
#....##
#.#....gg.....#
#....##
#.............#
#.#'###
##########.#####.....#
#.#†.##
...............#.#'###
#.##.##
.#########.###.#.#.#
#.##..# .# #... #.#.#
#####'###.# .#
##########.#.#
#.......#.# .#
#...g.@g...#.#
#.......#.#


You could see 2 gnolls.

Vanquished Creatures
  A gnoll (D:2)
  6 adders
  An ooze (D:1)
  2 worms (D:2)
  4 dart slugs
  A ball python (D:3)
  4 giant cockroaches
  11 goblins
  5 hobgoblins
  2 jackals (D:2)
  2 quokkas (D:2)
  A frilled lizard (D:1)
  5 kobolds
  7 rats
52 creatures vanquished.

Notes
Turn   | Place    | Note
-------+----------+-------------------------------------------
     0 | D:1      | Inarius the Mummy Monk began the quest for the Orb.
     0 | D:1      | Reached XP level 1. HP: 18/18 MP: 1/1
   201 | D:1      | Reached XP level 2. HP: 21/24 MP: 2/2
   637 | D:1      | Reached XP level 3. HP: 28/29 MP: 3/3
  1074 | D:2      | Found a faded altar of an unknown god.
  1332 | D:2      | Reached XP level 4. HP: 26/37 MP: 4/4
  1605 | D:2      | Noticed Terence
  1660 | D:3      | Reached skill level 1 in Armour
  2217 | D:2      | Found a bloodstained altar of Trog.
  2465 | D:2      | Slain by a gnoll

Vault maps used:
D:1:      shiori_arrival_oz
D:2:      lightli_temple_of_fire, chequers_ecumenical_altar_simple_redux,
          uniq_terence
D:3:      tso_altar

Skill      XL: |  1  2  3  4 |
---------------+-------------+-----
Axes           | 3 |  3.9
Armour         | 1 |  1.1
Fighting       | |  3.9
Dodging        | |  2.4
Stealth        | |  1.5
Shields        | |  0.2

Action                   |  1- 3 |  4- 6 || total
-------------------------+-------+-------++-------
Melee: Hand axe          |   114 |    56 ||   170
       War axe           |       |    29 ||    29
  Use: Scroll            |       |     5 ||     5
 Stab: Sleeping          |       |     1 ||     1
Armor: Robe              |     5 |       ||     5
       Ring mail         |    34 |    24 ||    58
       Scale mail        |       |     4 ||     4
Dodge: Dodged            |    57 |    30 ||    87
Block: Shield            |     7 |    25 ||    32

Table legend:
 A = Non-vault XP
 B = Vault XP
 C = Vault XP percentage of total XP
 D = Non-vault monster count
 E = Vault monster count
 F = Vault count percentage of total count
                 A         B        C        D         E       F
            +---------+---------+-------+---------+---------+-------
      Total |     191 |       2 |   1.0 |      51 |       1 |   1.9
            +---------+---------+-------+---------+---------+-------
        D:1 |      41 |       2 |   4.7 |      20 |       1 |   4.8
        D:2 |     110 |       0 |   0.0 |      25 |       0 |   0.0
        D:3 |      40 |       0 |   0.0 |       6 |       0 |   0.0
            +---------+---------+-------+---------+---------+-------
